 Dungeon Crawl Stone Soup version 0.29.0-11-gd7f09526c8 (webtiles) character file.

Game seed: 4336620779887158667

492 RascalDebosk the Chopper (level 6, -7/56 HPs)
             Began as a Minotaur Monk on Sept 4, 2022.
             Mangled by an ice beast (10 damage)
             ... on level 7 of the Dungeon.
             The game lasted 00:19:46 (3685 turns).

RascalDebosk the Chopper (Minotaur Monk)            Turns: 3685, Time: 00:19:46

Health: -7/56      AC: 10    Str: 18    XL:     6   Next: 91%
Magic:  5/5        EV:  4    Int:  7    God:
Gold:   371        SH: 12    Dex: 12    Spells: 5/5 levels left

rFire   . . .      SeeInvis .   a - +0 hand axe
rCold   . . .      Faith    .   k - +0 tower shield
rNeg    . . .      Spirit   .   s - +0 chain mail
rPois   .          Reflect  .   (helmet restricted)
rElec   .          Harm     .   o - +0 cloak
rCorr   .          Rampage  .   (no gloves)
Will    .....                   (no boots)
Stlth   ..........              (no amulet)
HPRegen 0.18/turn               (no ring)
MPRegen 0.09/turn               (no ring)

@: no status effects
A: horns 2, retaliatory headbutt
a: no special abilities


You were on level 7 of the Dungeon.
You visited 1 branch of the dungeon, and saw 5 of its levels.

You collected 371 gold pieces.

Inventory:

Hand Weapons
 a - a +0 hand axe (weapon)
 t - a +3 quarterstaff of chaos
Missiles
 g - 3 boomerangs (quivered)
 u - 6 javelins
 B - 2 poisoned darts
Armour
 k - a +0 tower shield (worn)
 o - a +0 cloak (worn)
 s - a +0 chain mail (worn)
Jewellery
 x - a ring of ice
 z - a ring of wizardry
 A - an amulet of faith
 C - a ring of protection from fire
Scrolls
 b - 2 scrolls of amnesia {unknown}
 e - 2 scrolls of butterflies {unknown}
 f - 2 scrolls of enchant weapon {unknown}
 j - a scroll of poison {unknown}
 l - a scroll of noise {unknown}
 m - 6 scrolls of identify {unknown}
 q - 4 scrolls of silence {unknown}
 y - a scroll of vulnerability {unknown}
Potions
 c - a potion of ambrosia
 d - a potion of attraction {unknown}
 h - 4 potions of mutation {unknown}
 i - a potion of heal wounds {unknown}
 n - 2 potions of degeneration {unknown}
 p - 3 potions of curing {unknown}
 r - a potion of berserk rage {unknown}
 v - 2 potions of lignification {unknown}
 w - 2 potions of invisibility {unknown}


   Skills:
 + Level 5.3 Fighting
 + Level 5.4 Axes
 + Level 3.0 Throwing
 + Level 3.6 Armour
 - Level 3.2 Dodging
 - Level 1.5 Stealth
 + Level 3.3 Shields


You had 5 spell levels left.
You didn't know any spells.
Your spell library contained the following spells:

 Spells                   Type           Power      Damage    Failure   Level
 Beastly Appendage        Tmut           0%         N/A       100%        1
 Wereblood                Tmut           0%         N/A       100%        2
 Spider Form              Tmut/Pois      0%         N/A       100%        3


Dungeon Overview and Level Annotations

Branches:
Dungeon (7/15)
 Temple: D:4-7

Altars:
The Shining One

Annotations:
D:7 exclusion: oklob plant, pigah's ghost, novice OpAE


Innate Abilities, Weirdness & Mutations

You have a pair of horns on your head.
You reflexively headbutt those who attack you in melee.


Message History

There is an open door here.
You hear the faint creaking of a very distant portcullis.
C - a ring of protection from fire An ice beast comes into view.
The ice beast barely misses you.
You barely miss the ice beast. Your headbutt misses the ice beast.
The ice beast hits you. The ice beast freezes you!
You barely miss the ice beast. The ice beast hits you.
The ice beast freezes you.
You closely miss the ice beast. You headbutt the ice beast.
The ice beast is lightly wounded.
The ice beast hits you but does no damage.
You block the ice beast's attack.
You hit the ice beast but do no damage.
The ice beast is lightly wounded.
The ice beast hits you but does no damage.
You barely miss the ice beast.
The ice beast is lightly wounded.
The ice beast hits you but does no damage.
You block the ice beast's attack.
You closely miss the ice beast. Your headbutt misses the ice beast.
The ice beast is lightly wounded.
You block the ice beast's attack.
You hit the ice beast but do no damage. Your headbutt misses the ice beast.
The ice beast is lightly wounded.
The ice beast hits you. The ice beast freezes you. The ice beast hits you.
The ice beast freezes you!
You completely miss the ice beast.
The ice beast is lightly wounded.
You block the ice beast's attack.
You hit the ice beast but do no damage. You headbutt the ice beast.
The ice beast is lightly wounded.
The ice beast hits you.
* * * LOW HITPOINT WARNING * * *
The ice beast freezes you!
* * * LOW HITPOINT WARNING * * *
The ice beast hits you.
* * * LOW HITPOINT WARNING * * *
The ice beast freezes you!
You die...

### ..#
#.# .##
#.#
....###Y#
.......@#
#.##.##..#
#.##.##..#
#........#
#.##..#.##
. #..
#.###.#.#
##..#
#.......#
#..#
#####.###
...## #.#


You could see an ice beast.

Vanquished Creatures
  A water moccasin (D:6)
  A phantom (D:6)
  A bullfrog (D:6)
  A necrophage (D:6)
  A hound (D:6)
  A jelly (D:6)
  Crazy Yiuf (D:2)
  An orc wizard (D:6)
  3 adders (D:2)
  A worm (D:2)
  A dart slug (D:1)
  4 orcs
  7 ball pythons
  3 endoplasms
  2 goblins
  3 hobgoblins (D:1)
  2 jackals (D:2)
  A quokka (D:1)
  3 bats
  2 frilled lizards
  3 kobolds
  7 rats
50 creatures vanquished.

Vanquished Creatures (others)
  13 plants (D:3)
  4 toadstools (D:1)
17 creatures vanquished.

Grand Total: 67 creatures vanquished

Notes
Turn   | Place    | Note
-------+----------+-------------------------------------------
     0 | D:1      | RascalDebosk the Minotaur Monk began the quest for the Orb.
     0 | D:1      | Reached XP level 1. HP: 19/19 MP: 0/0
   333 | D:1      | Reached XP level 2. HP: 20/27 MP: 1/1
   416 | D:1      | Reached skill level 1 in Armour
   673 | D:1      | Found a faded altar of an unknown god.
  1481 | D:2      | Identified the +1 short sword "Goamneffosh" {freeze, rC+
                  | Stlth+}
  1529 | D:2      | Reached skill level 1 in Throwing
  1596 | D:2      | Reached XP level 3. HP: 26/33 MP: 2/2
  1728 | D:2      | Reached skill level 1 in Shields
  2141 | D:2      | Found a runed translucent door.
  2142 | D:2      | Noticed Crazy Yiuf
  2148 | D:2      | Killed Crazy Yiuf
  2149 | D:2      | Reached XP level 4. HP: 34/40 MP: 3/3
  2456 | D:3      | Found a glowing golden altar of the Shining One.
  2656 | D:3      | You fall into a shaft and drop 3 floors!
  2729 | D:6      | Reached XP level 5. HP: 29/47 MP: 4/4
  2879 | D:6      | Noticed a water moccasin
  2891 | D:6      | Killed a water moccasin
  2892 | D:6      | Reached skill level 5 in Fighting
  2892 | D:6      | Reached skill level 5 in Axes
  2892 | D:6      | Reached XP level 6. HP: 12/56 MP: 5/5
  3612 | D:7      | Noticed an oklob plant
  3614 | D:7      | Noticed pigah's ghost (novice OpAE)
  3618 | D:7      | Noticed a cyclops
  3673 | D:7      | Noticed an ice beast
  3685 | D:7      | Mangled by an ice beast

Illustrated notes

Levels and vault maps discovered:
D:1:      ldierk_walled_garden_2, layout_basic, nicolae_ecumenical_lake_church
D:2:      layout_loops_ring, roderic_st_hans_cross, uniq_crazy_yiuf_cottage
D:3:      layout_loops_cross, amcnicky_altar_gilded, serial_bayou_lagoon_a,
          minmay_misc_feat_rugged, nicolae_hexahallways,
          chequers_serial_rivers_micro_e, grunt_decor_cap
D:6:      layout_cave_pools
D:7:      layout_loops_corners, enter_bailey_2, nzn_ghost_randoct

Skill      XL: |  1  2  3  4  5  6 |
---------------+-------------------+-----
Armour         | 1 2 3 |  3.6
Axes           | 4 5 |  5.4
Fighting       | 4 5 |  5.3
Throwing       | 1 2 3 |  3.0
Shields        | 1 2 3 |  3.3
Dodging        | |  3.2
Stealth        | |  1.5

Action                   |  1- 3 |  4- 6 || total
-------------------------+-------+-------++-------
Melee: Hand axe          |    79 |   102 ||   181
       Headbutt          |    10 |    21 ||    31
Throw: Boomerang         |     6 |     2 ||     8
 Stab: Sleeping          |     2 |       ||     2
Armor: Robe              |     6 |       ||     6
       Chain mail        |    18 |    46 ||    64
       Scale mail        |     2 |       ||     2
Dodge: Dodged            |    29 |    16 ||    45
Block: Tower shield      |    31 |    57 ||    88
